 Dungeon Crawl Stone Soup version 0.29.1-12-g30fa7ad0bf (webtiles) character file.

Game seed: 5220498179619317505

23046 sweetbreads the Bewitcher (level 12, -4/58 HPs)
             Began as a Spriggan Enchanter on Jan 8, 2023.
             Was an Initiate of Gozag.
             Killed from afar by a fire dragon (39 damage)
             ... with a blast of flame
             ... in a volcano.
             The game lasted 01:07:08 (15669 turns).

sweetbreads the Bewitcher (Spriggan Enchanter)     Turns: 15669, Time: 01:07:09

Health: -4/58      AC:  7    Str:  6    XL:     12   Next: 68%
Magic:  14/17      EV: 25    Int: 20    God:    Gozag
Gold:   2149       SH:  0    Dex: 17    Spells: 1/17 levels left

rFire   . . .      SeeInvis +   a - +9 rapier "Vihaer Ridgha" {flame, rPois Str+2}
rCold   . . .      Faith    .   (no shield)
rNeg    . . .      Spirit   .   h - +1 robe
rPois   +          Reflect  .   O - +1 hat
rElec   .          Harm     .   f - +2 cloak
rCorr   .          Rampage  .   (gloves unavailable)
Will    ++...                   (boots unavailable)
Stlth   +++++.....              j - amulet of magic regeneration
HPRegen 0.19/turn               L - ring of wizardry
MPRegen 0.55/turn               (no ring)

@: gold aura, very quick
A: very small, no large weapons, unfitting armour, see invisible, speed 3
a: Renounce Religion, Potion Petition, Call Merchant, Bribe Branch


You were in a volcano.
You worshipped Gozag.
Gozag was most pleased with you.
You visited 3 branches of the dungeon, and saw 12 of its levels.
You also visited: Ossuary and Volcano.

You collected 2555 gold pieces.
You paid 406 gold pieces to Gozag.

Inventory:

Hand Weapons
 a - the +9 rapier "Vihaer Ridgha" (weapon) {flame, rPois Str+2}
   (You found it on level 2 of the Lair of Beasts)

   It burns those it strikes, dealing additional fire damage.
   Str:       It affects your strength (+2).
   rPois:     It protects you from poison.
 b - the +3 short sword of Courage {venom, rF- rCorr Str+2}
   (You found it on level 5 of the Dungeon)

   It poisons the flesh of those it strikes.
   Str:       It affects your strength (+2).
   rF:        It makes you vulnerable to fire.
   rCorr:     It protects you from acid and corrosion.
 c - a +3 short sword of speed
 d - a +2 dagger of flaming
 n - a +0 flail
 v - a +0 trident
 I - a +2 rapier of protection
 M - a +2 dagger of venom
Missiles
 o - a throwing net
 y - 5 poisoned darts
 E - a curare-tipped dart (quivered)
Armour
 f - a +2 cloak (worn)
 h - a +1 robe (worn)
 z - the -2 hat of the Alchemist {rElec rPois rF+ rC+ rN+ Will+ rMut rCorr}
   (You found it in a volcano)

   rF:        It protects you from fire.
   rC:        It protects you from cold.
   rElec:     It insulates you from electricity.
   rPois:     It protects you from poison.
   rN:        It protects you from negative energy.
   rCorr:     It protects you from acid and corrosion.
   rMut:      It protects you from mutation.
   Will:      It increases your willpower.
 O - a +1 hat (worn)
Jewellery
 j - an amulet of magic regeneration (around neck)
 L - a ring of wizardry (left hand)
Wands
 t - a wand of polymorph (13)
 J - a wand of flame (4)
 N - a wand of paralysis (3)
Scrolls
 e - a scroll of magic mapping
 g - 2 scrolls of fear
 i - a scroll of poison
 k - 3 scrolls of teleportation
 w - a scroll of identify
 B - a scroll of blinking
 H - a scroll of butterflies
Potions
 l - a potion of ambrosia {unknown}
 m - 5 potions of might
 p - 2 potions of curing {unknown}
 q - 3 potions of cancellation
 r - a potion of attraction
 s - 2 potions of berserk rage {unknown}
 u - 2 potions of magic {unknown}
 x - a potion of lignification
 A - a potion of mutation {unknown}
 C - 3 potions of brilliance {unknown}
 F - a potion of flight {unknown}
 G - 2 potions of haste
 K - 4 potions of invisibility


   Skills:
 - Level 4.0 Fighting
 * Level 11.5 Short Blades
 * Level 12.0 Dodging
 - Level 10.0 Stealth
 - Level 3.0 Spellcasting
 - Level 16.0 Hexes
 - Level 8.0 Translocations
 - Level 0.4 Transmutations
 - Level 4.0 Evocations


You had one spell level left.
You knew the following spells:

 Your Spells              Type           Power      Damage    Failure   Level
a - Ensorcelled Hibernat  Hex/Ice        70%        N/A       1%          2
b - Confusing Touch       Hex            61%        N/A       1%          3
c - Tukima's Dance        Hex            61%        N/A       1%          3
d - Blink                 Tloc           70%        N/A       1%          2
e - Portal Projectile     Hex/Tloc       100%       N/A       1%          3
f - Gell's Gravitas       Tloc           35%        N/A       1%          3

Your spell library contained the following spells:

 Spells                   Type           Power      Damage    Failure   Level
 Dazzling Flash           Conj/Hex       70%        N/A       1%          3
 Lesser Beckoning         Tloc           35%        N/A       1%          3
 Summon Guardian Golem    Hex/Summ       35%        N/A       1%          3
 Teleport Other           Tloc           35%        N/A       1%          3
 Leda's Liquefaction      Hex/Erth       17%        N/A       2%          4
 Manifold Assault         Tloc           35%        N/A       6%          5
 Poisonous Vapours        Pois/Air       6%         N/A       9%          2
 Call Canine Familiar     Summ           3%         N/A       16%         3
 Orb of Destruction       Conj           1%         9d5       100%        7
 Spellforged Servitor     Conj/Summ      1%         N/A       100%        7
 Storm Form               Tmut/Air       1%         N/A       100%        7
 Corpse Rot               Necr/Pois/Air  Unusable   N/A       N/A         4

Dungeon Overview and Level Annotations

Branches:
Dungeon (8/15)             Temple (1/1) D:5            Lair (3/5) D:8
  Swamp (0/4) Lair:2       Spider (0/4) Lair:3      Ossuary (visited)
Volcano (1/1)

Altars:
Ashenzari
Cheibriados
Dithmenos
Elyvilon
Fedhas
Gozag
Hepliaklqana
Makhleb
Nemelex Xobeh
Okawaru
Sif Muna
Trog
Vehumet
Xom
Yredelemnul

Annotations:
D:5 1 runed translucent door
Temple 4 transporters


Innate Abilities, Weirdness & Mutations

You are very small and have problems with some larger weapons.
You are too small for most types of armour.
You have supernaturally acute eyesight. (SInv)
You cover ground extremely quickly. (Speed+++)


Message History

A komodo dragon comes into view.
The komodo dragon hisses angrily. x2; You hear a deafening roar!
A fire dragon comes into view.
Casting: Confusing Touch (safe; 1% risk of failure)
Confirm with . or Enter, or press ? or * to list all spells.
Aiming: Ensorcelled Hibernation (safe; 1% risk of failure)
Press: ? - help, Shift-Dir - straight line, f - komodo dragon
Aim: a komodo dragon (chance to affect: 46%)
The komodo dragon resists with some effort.
The komodo dragon bites you!!
Welcome back, sweetbreads the Spriggan Enchanter.
Gozag says: Greed is good.
Press ? for a list of commands and other information.
Cast which spell? (? or * to list)
Aiming: Ensorcelled Hibernation (safe; 1% risk of failure)
Press: ? - help, Shift-Dir - straight line, f - komodo dragon
Aim: a komodo dragon (chance to affect: 46%)
The komodo dragon looks drowsy...
The helpless komodo dragon fails to defend itself.
You skewer the komodo dragon like a kebab!!!!
You burn the komodo dragon!
You kill the komodo dragon!
Your Dodging skill increases to level 12!
Casting: Ensorcelled Hibernation (safe; 1% risk of failure)
Confirm with . or Enter, or press ? or * to list all spells.
Aiming: Ensorcelled Hibernation (safe; 1% risk of failure)
Press: ? - help, Shift-Dir - straight line, f - komodo dragon
Aim: a komodo dragon (chance to affect: 46%)
The komodo dragon resists with some effort.
The komodo dragon is distracted by your dazzling golden aura.
The komodo dragon hisses angrily.
You puncture the komodo dragon! You burn the komodo dragon.
The komodo dragon is no longer distracted by gold.
The komodo dragon is lightly wounded.
The komodo dragon misses you. The fire dragon breathes flames at you.
The blast of flame hits you!!!
Ouch! That really hurt!
You die...
Your body crumbles into a pile of gold.

.P...♣ §§
....♣♣♣§§≈§≈♣...# #≈
.♣...♣♣§§§§≈.... #≈≈
≈♣.♣..♣≈≈≈≈§≈..♣####≈§
≈♣....♣≈≈≈§§≈≈≈≈≈≈≈≈≈.
§§...♣♣≈≈≈≈≈..♣≈≈§≈♣
≈.P..♣≈≈≈○≈.....§§§♣
§§.♣.≈≈≈§♣♣......≈♣♣♣ $
♣♣..≈≈§§♣♣....♣.@§♣.♣ $
P..♣♣≈≈♣♣...♣.≈.....♣ $
..♣♣≈≈≈♣.....≈≈≈♣l.♣♣
.P.≈§§§♣...♣≈§≈≈♣♣$♣ $
..P≈≈≈≈♣♣..§§§≈≈≈♣.D.....D
).♣≈≈≈≈♣..♣§≈§≈○≈♣♣..l..$.
.P§§§≈≈♣♣..§§§§○§§♣♣...♣.$
♣.≈§§°≈§♣...♣≈≈§§§§♣...!!
.♣§≈≈○°§♣♣..§.≈≈§§≈♣♣.....


You could see a fire dragon (catching breath) and a komodo dragon.

Vanquished Creatures
  Gastronok (Lair:2)
  2 hydras (Lair:2)
  5 two-headed ogres (Volcano)
  3 death yaks
  3 salamanders (Volcano)
  2 black mambas
  4 cane toads
  5 komodo dragons
  2 rime drakes (Lair:2)
  Prince Ribbit (D:8)
  3 blink frogs (Lair:1)
  A polar bear (Lair:2)
  A meliai zombie (D:8)
  A wraith (D:6)
  7 wyverns
  2 basilisks
  A steam dragon (D:6)
  2 fire bats (Volcano)
  27 yaks
  3 water moccasins
  An ice beast (D:6)
  A black bear (D:6)
  5 wolves (Lair:2)
  5 ogres
  2 centaurs
  4 phantoms
  A kobold brigand (D:7)
  3 necrophages
  4 bullfrogs
  2 scorpions
  An electric eel (Lair:2)
  A howler monkey (D:6)
  4 centaur zombies (Ossuary)
  A quasit (D:4)
  5 orc priests
  4 hounds
  3 jellies
  5 iguanas
  An orc wizard (D:3)
  7 mummies
  8 adders
  4 gnolls (D:2)
  5 shadow imps
  3 white imps
  2 ufetubi (D:4)
  A worm (D:3)
  2 dart slugs (D:2)
  20 orcs
  3 ball pythons
  3 endoplasms
  2 giant cockroaches
  8 goblins
  4 hobgoblins
  4 jackals
  4 quokkas
  3 bats
  A frilled lizard (D:2)
  4 hobgoblin zombies (Ossuary)
  11 kobolds
  4 rats
232 creatures vanquished.

Vanquished Creatures (collateral kills)
  2 two-headed ogres (Volcano)
  An ogre (D:5)
3 creatures vanquished.

Vanquished Creatures (others)
  4 dancing weapons
  A demonic plant (D:4)
  15 fungi (Lair:2)
  107 plants
  4 withered plants (D:8)
131 creatures vanquished.

Grand Total: 366 creatures vanquished

Notes
Turn   | Place    | Note
-------+----------+-------------------------------------------
     0 | D:1      | sweetbreads the Spriggan Enchanter began the quest for the
                  | Orb.
     0 | D:1      | Reached XP level 1. HP: 9/9 MP: 5/5
   481 | D:1      | Reached XP level 2. HP: 13/13 MP: 6/6
   485 | D:1      | Learned a level 2 spell: Ensorcelled Hibernation
  1470 | D:2      | Reached skill level 5 in Stealth
  1488 | D:2      | Noticed a phantom
  1724 | D:2      | Reached XP level 3. HP: 16/16 MP: 8/8
  1728 | D:2      | Learned a level 3 spell: Confusing Touch
  1732 | D:2      | Learned a level 3 spell: Tukima's Dance
  1908 | D:2      | Found an opulent altar of Gozag.
  1955 | D:2      | Reached skill level 4 in Hexes
  2133 | D:2      | Became a worshipper of Gozag Ym Sagoz the Greedy
  2200 | D:2      | Reached XP level 4. HP: 8/21 MP: 1/9
  2462 | D:2      | Found a faded altar of an unknown god.
  2758 | D:3      | Noticed a phantom
  2775 | D:3      | Killed a phantom
  2776 | D:3      | Reached XP level 5. HP: 21/24 MP: 7/10
  3091 | D:3      | Found an iron altar of Okawaru.
  3198 | D:3      | Found a broken altar of Ashenzari.
  3202 | D:3      | Saw a vision of the Swamp and the Spider Nest.
  3202 | D:3      | Noticed a culicivora
  3202 | D:3      | Noticed a demonic crawler
  3202 | D:3      | Noticed a bog body
  3202 | D:3      | Noticed a pharaoh ant
  3202 | D:3      | Noticed a demonic crawler
  3202 | D:3      | Noticed a bunyip
  3202 | D:3      | Noticed an eleionoma
  3202 | D:3      | Noticed a tarantella
  3202 | D:3      | Noticed a goliath frog
  3202 | D:3      | Noticed a culicivora
  3202 | D:3      | Noticed a wolf spider
  3202 | D:3      | Noticed a redback
  3203 | D:3      | Noticed a steelbarb worm
  3203 | D:3      | Noticed a culicivora
  3203 | D:3      | Noticed a redback
  3204 | D:3      | Noticed a will-o-the-wisp
  3205 | D:3      | Noticed a wolf spider
  3205 | D:3      | Noticed a radroach
  3207 | D:3      | Noticed a culicivora
  3760 | D:2      | Killed a phantom
  3761 | D:2      | Reached skill level 1 in Translocations
  3761 | D:2      | Reached XP level 6. HP: 22/28 MP: 8/11
  3873 | D:4      | Found a sand-covered staircase.
  3893 | Ossuary  | Entered an ossuary
  4140 | Ossuary  | Reached skill level 5 in Hexes
  4173 | Ossuary  | Reached XP level 7. HP: 31/32 MP: 5/12
  4615 | D:5      | Entered Level 5 of the Dungeon
  4900 | D:5      | Found a runed translucent door.
  4911 | D:5      | Found a staircase to the Ecumenical Temple.
  5485 | D:5      | Reached skill level 5 in Short Blades
  5584 | D:5      | Reached skill level 6 in Hexes
  5595 | Temple   | Entered the Ecumenical Temple
  5595 | Temple   | Found a transporter.
  5595 | Temple   | Found a transporter.
  5724 | Temple   | Found a transporter.
  5724 | Temple   | Found a transporter.
  5875 | D:5      | Reached XP level 8. HP: 36/36 MP: 13/13
  5948 | D:5      | Identified the +3 short sword of Courage {venom, rF- rCorr
                  | Str+2}
  6081 | D:5      | Found a shimmering blue altar of Sif Muna.
  6320 | D:5      | Reached skill level 10 in Stealth
  6761 | D:6      | Reached skill level 7 in Hexes
  6806 | D:6      | Reached skill level 8 in Hexes
  6978 | D:6      | Reached skill level 9 in Hexes
  7065 | D:6      | Reached skill level 1 in Fighting
  7082 | D:6      | Reached skill level 1 in Evocations
  7216 | D:7      | Reached XP level 9. HP: 41/41 MP: 14/14
  7420 | D:6      | Reached skill level 10 in Hexes
  7697 | D:6      | Found a burning altar of Makhleb.
  7716 | D:7      | Found a blossoming altar of Fedhas.
  7830 | D:7      | Learned a level 2 spell: Blink
  7834 | D:7      | Learned a level 3 spell: Portal Projectile
  7859 | D:8      | Found a shimmering altar of Xom.
  8061 | D:7      | Found a bloodstained altar of Trog.
  8210 | D:7      | Reached skill level 11 in Hexes
  8621 | D:8      | Found a staircase to the Lair.
  8621 | D:8      | Noticed a death yak
  8623 | D:8      | Noticed a death yak
  8627 | D:8      | Noticed a death yak
  8630 | D:8      | Noticed Prince Ribbit
  8943 | D:8      | Reached skill level 12 in Hexes
  8978 | D:8      | Noticed a hellwing
  8987 | D:8      | Noticed a hellwing
  9220 | D:7      | Killed a death yak
  9221 | D:7      | Reached skill level 5 in Dodging
  9221 | D:7      | Reached XP level 10. HP: 16/49 MP: 12/15
  9747 | D:8      | Killed a death yak
  9748 | D:8      | Reached skill level 13 in Hexes
  9771 | D:8      | Killed Prince Ribbit
 10056 | D:7      | Killed a death yak
 10115 | D:8      | Reached skill level 14 in Hexes
 10148 | Lair:1   | Entered Level 1 of the Lair of Beasts
 10473 | Lair:1   | Noticed a cane toad
 10484 | Lair:1   | Killed a cane toad
 10562 | Lair:1   | Reached skill level 15 in Hexes
 10562 | Lair:1   | Reached XP level 11. HP: 53/53 MP: 13/16
 11867 | Lair:2   | Noticed a bog body
 11868 | Lair:2   | Identified the +9 rapier "Vihaer Ridgha" {flame, rPois
                  | Str+2}
 12266 | Lair:2   | Noticed a four-headed hydra
 12278 | Lair:2   | Noticed a six-headed hydra
 12667 | Lair:2   | Reached skill level 16 in Hexes
 12961 | Lair:2   | Killed a four-headed hydra
 12985 | Lair:2   | Found a staircase to the Swamp.
 13099 | Lair:2   | Killed a six-headed hydra
 13100 | Lair:2   | Reached skill level 5 in Translocations
 13520 | Lair:2   | Noticed Gastronok
 13544 | Lair:2   | Killed Gastronok
 13754 | Lair:2   | Reached skill level 10 in Dodging
 13767 | Lair:2   | Reached XP level 12. HP: 57/58 MP: 0/17
 14071 | Lair:3   | Found a dark tunnel.
 14078 | Volcano  | Entered a volcano
 14081 | Volcano  | Noticed a two-headed ogre
 14098 | Volcano  | Killed a two-headed ogre
 14225 | Volcano  | Noticed a two-headed ogre
 14243 | Volcano  | Killed a two-headed ogre
 14289 | Volcano  | Learned a level 3 spell: Gell's Gravitas
 14303 | Volcano  | Noticed a two-headed ogre
 14346 | Volcano  | HP: 1/58 [salamander/+0 halberd (12)]
 14653 | Volcano  | Noticed a two-headed ogre
 14666 | Volcano  | Killed a two-headed ogre
 14667 | Volcano  | Reached skill level 10 in Short Blades
 14677 | Volcano  | Killed a two-headed ogre
 14924 | Volcano  | Noticed a two-headed ogre
 14933 | Volcano  | Killed a two-headed ogre
 15367 | Volcano  | Noticed a two-headed ogre
 15377 | Volcano  | Killed a two-headed ogre
 15415 | Volcano  | Noticed a two-headed ogre
 15431 | Volcano  | Killed a two-headed ogre
 15585 | Volcano  | Found the -2 hat of the Alchemist {rElec rPois rF+ rC+ rN+
                  | Will+ rMut rCorr}
 15660 | Volcano  | Noticed a fire dragon
 15669 | Volcano  | Killed from afar by a fire dragon

Illustrated notes

Levels and vault maps discovered:
D:1:      tarquinn_simple_flora_water_d, layout_loops_corners,
          grunt_decor_clamped
D:2:      layout_basic, basic_altar, hellmonk_ecumenical_altar_defaced_shrine,
          st_stairs_8
D:3:      layout_basic, okawaru_ov_weapons_minmay, grunt_ashenzari_visionary
          [grunt_ashenzari_visionary_swamp, grunt_ashenzari_visionary_spider]
D:4:      layout_loops_ring, serial_demonic, serial_demonic_b, serial_demonic_c,
          serial_demonic_e, serial_demonic_c, gup_ossuary_entry_pyramid
D:5:      minmay_chambers_of_threes, layout_basic, old_standard_altar,
          minmay_temple_entry_waves, lightli_church_of_beogh
D:6:      layout_rooms, kennysheep_little_box, minmay_misc_feat_rugged
D:7:      layout_basic, mainiacjoe_overflow_alcove_4, lemuel_tele_altar
D:8:      cheibrodos_grave_circle, layout_basic,
          nicolae_overflow_hallway_of_the_gods, lemuel_doored_altar,
          dpeg_lair_monsters, nrook_pool_corridor,
          ebering_dispersal_statue_hall, uniq_prince_ribbit1
Temple:   hellmonk_temple_divided_pantheon
Lair:1:   layout_loops_ring
Lair:2:   layout_loops_ring, skrybe_swamp_entry_bodies, lemuel_fruit_fields,
          grunt_megastairs_5, infiniplex_staircase_pool, lemuel_fruit_fields,
          uniq_gastronok
Lair:3:   wander_river, layout_loops_ring, dummy_spider_entry,
          nicolae_volcano_entry_two_sided, lemuel_oklob_altar
Volcano:  pf_volcano_lost_world

Skill      XL: |  1  2  3  4  5  6  7  8  9 10 11 12 |
---------------+-------------------------------------+-----
Dodging        | 3 4 5 6 10 12 | 12.0
Spellcasting   | 3 |  3.0
Stealth        | 5 7 8 9 10 | 10.0
Short Blades   | 2 3 5 6 9 11 | 11.5
Hexes          | 4 5 6 9 12 15 16 | 16.0
Translocations | 1 2 3 4 6 8 |  8.0
Fighting       | 1 3 4 |  4.0
Evocations     | 1 4 |  4.0
Transmutations | |  0.4

Action                   |  1- 3 |  4- 6 |  7- 9 | 10-12 || total
-------------------------+-------+-------+-------+-------++-------
Melee: Dagger            |    41 |       |       |       ||    41
       Short sword       |    38 |   137 |   280 |    75 ||   530
       Punch             |       |     2 |     5 |     5 ||    12
       Rapier            |       |       |       |   134 ||   134
Throw: Dart              |       |       |     1 |       ||     1
 Cast: Ensorcelled Hiber |    10 |     7 |    54 |   102 ||   173
       Confusing Touch   |       |     8 |    11 |    15 ||    34
       Tukima's Dance    |       |       |     3 |    25 ||    28
       Blink             |       |       |     3 |     4 ||     7
       Portal Projectile |       |       |     2 |       ||     2
       Gell's Gravitas   |       |       |       |     3 ||     3
Invok: Potion Petition   |       |       |       |     1 ||     1
Evoke: Wand              |       |       |     3 |     4 ||     7
  Use: Scroll            |       |     1 |    12 |     7 ||    20
       Potion            |       |       |       |     3 ||     3
 Stab: Sleeping          |    21 |    15 |    53 |    57 ||   146
       Confused          |       |    12 |     9 |    15 ||    36
       Paralysed         |       |       |       |     1 ||     1
       Distracted        |       |       |       |     3 ||     3
Armor: Robe              |    13 |    32 |    29 |    15 ||    89
Dodge: Dodged            |    40 |    90 |   111 |   145 ||   386
